 Dungeon Crawl Stone Soup version 0.30.0-10-gfe55d96785 (webtiles) character file.

Game seed: 3984867387300894479

15115 croobank the Thaumaturge (level 12, 0/81 HPs)
             Began as a Gnoll Fire Elementalist on May 16, 2023.
             Was a High Priest of Hepliaklqana.
             Slain by a boulder beetle (11 damage)
             ... on level 13 of the Dungeon.
             The game lasted 00:33:19 (13425 turns).

croobank the Thaumaturge (Gnoll Fire Elementalist) Turns: 13425, Time: 00:33:20

Health: 0/81       AC: 14    Str:  8    XL:     12   Next: 23%
Magic:  7/25       EV: 14    Int: 22    God:    Hepliaklqana [*****.]
Gold:   1005       SH:  0    Dex: 12    Spells: 19/29 levels left

rFire   + . .        h - +2 dagger (speed)
rCold   x . .        (no shield)
rNeg    . . .        A - +3 leather armour of Fallacy {+Blink Will+ Int+2}
rPois   +            x - +0 helmet
rElec   .            a - +2 cloak {rPois}
rCorr   .            t - +0 pair of gloves
SInv    .            S - +0 pair of boots
Will    +....        M - amulet of magic regeneration
Stlth   ++++         s - ring of wizardry
HPRegen 0.33/turn    q - ring of fire
MPRegen 0.59/turn

%: wizardry (x1)
@: brilliant
A: reduced essence, fangs 1, strong nose, distributed training
a: Renounce Religion, Evoke Blink, Recall Ancestor, Ancestor Identity,
Transference, Idealise


You were on level 13 of the Dungeon.
You worshipped Hepliaklqana.
Hepliaklqana was extremely pleased with you.
You visited 2 branches of the dungeon, and saw 14 of its levels.

You collected 1005 gold pieces.

Inventory:

Hand Weapons
 h - a +2 dagger of speed (weapon)
 l - a +1 dire flail of holy wrath
 p - a +2 trident of venom
 D - a +0 arbalest
 I - a +0 halberd of flaming
 K - a +2 short sword of flaming
 R - a +0 spectral scimitar
Missiles
 n - a throwing net
Armour
 a - a +2 cloak of poison resistance (worn)
 t - a +0 pair of gloves (worn)
 x - a +0 helmet (worn)
 A - the +3 leather armour of Fallacy (worn) {+Blink Will+ Int+2}
   (You found it on level 5 of the Dungeon)

   Int:       It affects your intelligence (+2).
   +Blink:    It lets you blink.
   Will:      It increases your willpower.
 J - +0 acid dragon scales
 S - a +0 pair of boots (worn)
Magical Staves
 E - a staff of fire
Jewellery
 q - a ring of fire (right hand)
 s - a ring of wizardry (left hand)
 v - a ring of protection from cold
 B - a ring of positive energy
 L - a +6 ring of strength
 M - an amulet of magic regeneration (around neck)
 O - a ring of protection from cold
Wands
 o - a wand of polymorph (10)
 w - a wand of mindburst (17)
 y - a wand of iceblast (18)
 H - a wand of flame (18)
 N - a wand of charming (4)
Scrolls
 f - 3 scrolls of magic mapping
 g - 3 scrolls of enchant weapon
 u - 11 scrolls of teleportation
 F - 2 scrolls of fear {unknown}
 U - a scroll of acquirement {unknown}
 V - a scroll of immolation {unknown}
 W - a scroll of amnesia {unknown}
 X - a scroll of butterflies {unknown}
 Y - 5 scrolls of identify
 Z - 2 scrolls of enchant armour {unknown}
Potions
 b - a potion of magic
 c - 2 potions of brilliance
 d - 10 potions of curing
 e - 2 potions of lignification
 j - 3 potions of attraction
 k - 3 potions of flight
 m - a potion of resistance
 r - 2 potions of might
 z - 2 potions of mutation
 G - a potion of heal wounds
 P - a potion of degeneration {unknown}
 T - a potion of haste {unknown}
Miscellaneous
 C - a lightning rod (4/4)
 Q - a tin of tremorstones (2/2)


   Skills:
 + Level 7.3 Fighting
 + Level 7.3 Short Blades
 + Level 7.3 Long Blades
 + Level 7.3 Axes
 + Level 7.3 Maces & Flails
 + Level 7.3 Polearms
 + Level 7.3 Staves
 + Level 7.3 Ranged Weapons
 + Level 7.3 Throwing
 + Level 7.3 Armour
 + Level 8.7 Dodging
 + Level 8.5 Stealth
 + Level 7.3 Shields
 + Level 7.3 Unarmed Combat
 + Level 9.0 Spellcasting
 + Level 6.5 Conjurations
 + Level 6.1 Hexes
 + Level 6.1 Summonings
 + Level 6.1 Necromancy
 + Level 6.1 Translocations
 + Level 6.1 Transmutations
 + Level 8.3 Fire Magic
 + Level 6.1 Ice Magic
 + Level 6.1 Air Magic
 + Level 6.1 Earth Magic
 + Level 6.1 Poison Magic
 + Level 8.1 Invocations
 + Level 7.3 Evocations


You had 19 spell levels left.
You knew the following spells:

 Your Spells              Type           Power      Damage    Failure   Level
a - Foxfire               Conj/Fire      100%       2x1d9     1%          1
b - Scorch                Fire           100%       2d9       1%          2
c - Inner Flame           Hex/Fire       76%        N/A       1%          3
d - Flame Wave            Conj/Fire      77%        2d17      1%          4

Your spell library contained the following spells:

 Spells                   Type           Power      Damage    Failure   Level
 Volatile Blastmotes      Fire/Tloc      100%       2d18      1%          3


Dungeon Overview and Level Annotations

Branches:
Dungeon (13/15)            Temple (1/1) D:4            Lair (0/5) D:9
    Orc (0/2) D:10
 Vaults: D:13-14

Altars:
Ashenzari
Cheibriados
Dithmenos
Elyvilon
Fedhas
Gozag
Hepliaklqana
Kikubaaqudgha
Makhleb
Nemelex Xobeh
Okawaru
Qazlal
Ru
Sif Muna
Trog
Uskayaw
Vehumet
Wu Jian
Xom
Yredelemnul
Zin
The Shining One

Shops:
D:3 =

Annotations:
D:7 1 runed translucent door, Strat's ghost, novice FoIE
D:9 2 transporters, GigaChad's ghost, novice MiFi


Innate Abilities, Weirdness & Mutations

Your life essence is reduced to manifest your ancestor. (-10% HP)
You have very sharp teeth.
Your uncanny sense of smell can sniff out nearby items.
Your experience applies equally to all skills.


Message History

Confirm with . or Enter, or press ? or * to list all spells.
You feel a strong surge of power!
Flames lash the boulder beetle.
The boulder beetle is heavily wounded.
The boulder beetle's fire resistance burns away.
You hear a chilling moan.
The foxfire hits the boulder beetle but does no damage.
The boulder beetle is heavily wounded.
The foxfire hits the boulder beetle but does no damage.
The boulder beetle is heavily wounded.
The boulder beetle hits you!
The boulder beetle stops rolling and uncurls.
Casting: Scorch (safe; 1% risk of failure)
Confirm with . or Enter, or press ? or * to list all spells.
You feel a strong surge of power!
Flames lash the boulder beetle but do no damage.
The boulder beetle bites you!!
* * * LOW HITPOINT WARNING * * *
Ahmose hits the boulder beetle but does no damage.
Casting: Scorch (safe; 1% risk of failure)
Confirm with . or Enter, or press ? or * to list all spells.
You feel a strong surge of power!
Flames lash the boulder beetle.
The boulder beetle is burned terribly!
The boulder beetle is heavily wounded.
The boulder beetle misses you.
Ahmose points at the boulder beetle and mumbles some strange words.
The stone arrow hits the boulder beetle!
Casting: Scorch (safe; 1% risk of failure)
Confirm with . or Enter, or press ? or * to list all spells.
You feel a strong surge of power!
Flames lash the boulder beetle.
The boulder beetle is burned terribly!
The boulder beetle is almost dead.
The boulder beetle bites you but does no damage.
Ahmose hits the boulder beetle but does no damage.
Casting: Scorch (safe; 1% risk of failure)
Confirm with . or Enter, or press ? or * to list all spells.
You feel a strong surge of power!
Flames lash the boulder beetle.
The boulder beetle is burned terribly!
The boulder beetle is almost dead.
The boulder beetle bites you!
You die...

#....K.
#......
#......
#......
#..##.. #?PK
### ########
K.. #??[?[.#
##)@}(.##
#≈~)B~~~#
#.~))R..~#
#...)~8≈~~.#
##...))....#
P..~.......#
~P...P~....~~
#.#.~.~~~.~...
####...~.....


You could see the friendly Ahmose the battlemage and a boulder beetle
(combustible, ally target).

Vanquished Creatures
  A two-headed ogre (D:9)
  Lodul (D:12)
  2 deep elf pyromancers (D:12)
  A cyclops (D:12)
  2 kobold demonologists (D:13)
  2 unseen horrors (D:11)
  A troll (D:12)
  2 slime creatures (D:12)
  2 yaks (D:11)
  A vampire (D:10)
  2 shadows
  A wyvern (D:9)
  2 wraiths (D:10)
  2 vampire mosquitoes (D:12)
  2 acid dragons
  2 water moccasins (D:6)
  6 orc warriors
  2 ice beasts
  A black bear (D:8)
  10 ogres
  4 centaurs
  7 kobold brigands
  3 bullfrogs
  2 scorpions
  A wight (D:7)
  9 killer bees
  2 howler monkeys
  2 hounds
  10 orc priests
  A jelly (D:5)
  2 gnoll boudas (D:7)
  2 sleepcaps
  2 iguanas
  4 orc wizards
  6 gnolls (D:7)
  5 adders
  A shadow imp (D:7)
  3 ufetubi
  5 dart slugs
  38 orcs
  14 ball pythons
  6 endoplasms
  5 giant cockroaches
  4 goblins
  7 hobgoblins
  2 jackals (D:5)
  21 kobolds
  5 quokkas
  6 bats
  2 frilled lizards
  8 rats
  A spectral orc (D:3)
235 creatures vanquished.

Vanquished Creatures (collateral kills)
  A centaur warrior (D:13)
  A cyclops (D:10)
  2 slime creatures (D:12)
  A manticore (D:13)
  Maggie (D:6)
  2 trolls (D:11)
  2 wraiths (D:11)
  A wyvern (D:8)
  2 yaks (D:11)
  A steam dragon (D:9)
  A water moccasin (D:6)
  2 acid dragons
  3 orc warriors
  3 ogres
  A centaur (D:11)
  3 kobold brigands
  A bullfrog (D:6)
  A scorpion (D:6)
  4 wights (D:7)
  A gnoll bouda (D:7)
  2 orc priests (D:10)
  2 hounds (D:7)
  A sleepcap (D:7)
  2 orc wizards
  9 gnolls
  14 orcs
  A kobold (D:7)
  30 foxfires
95 creatures vanquished.

Vanquished Creatures (others)
  2 battlemagi
  An ancestor (D:6)
  642 foxfires
645 creatures vanquished.

Grand Total: 975 creatures vanquished

Notes
Turn   | Place    | Note
-------+----------+-------------------------------------------
     0 | D:1      | croobank the Gnoll Fire Elementalist began the quest for
                  | the Orb.
     0 | D:1      | Reached XP level 1. HP: 13/13 MP: 6/6
   187 | D:1      | Reached XP level 2. HP: 19/19 MP: 4/7
   191 | D:1      | Learned a level 2 spell: Scorch
   768 | D:1      | Reached skill level 5 in Spellcasting
   768 | D:1      | Reached XP level 3. HP: 25/25 MP: 5/9
  1240 | D:2      | Reached skill level 1 in Invocations
  1514 | D:2      | Reached skill level 1 in Fighting
  1514 | D:2      | Reached skill level 1 in Short Blades
  1514 | D:2      | Reached skill level 1 in Long Blades
  1514 | D:2      | Reached skill level 1 in Axes
  1514 | D:2      | Reached skill level 1 in Maces & Flails
  1514 | D:2      | Reached skill level 1 in Polearms
  1514 | D:2      | Reached skill level 1 in Staves
  1514 | D:2      | Reached skill level 1 in Ranged Weapons
  1514 | D:2      | Reached skill level 1 in Throwing
  1514 | D:2      | Reached skill level 1 in Armour
  1514 | D:2      | Reached skill level 1 in Shields
  1514 | D:2      | Reached skill level 1 in Unarmed Combat
  1514 | D:2      | Reached skill level 1 in Evocations
  1526 | D:2      | Identified the +1 robe of Zin's Displeasure {Str+3 Int-3
                  | SInv}
  1661 | D:2      | Reached XP level 4. HP: 32/32 MP: 3/11
  2088 | D:3      | Reached skill level 1 in Hexes
  2088 | D:3      | Reached skill level 1 in Summonings
  2088 | D:3      | Reached skill level 1 in Necromancy
  2088 | D:3      | Reached skill level 1 in Translocations
  2088 | D:3      | Reached skill level 1 in Transmutations
  2088 | D:3      | Reached skill level 1 in Ice Magic
  2088 | D:3      | Reached skill level 1 in Air Magic
  2088 | D:3      | Reached skill level 1 in Earth Magic
  2088 | D:3      | Reached skill level 1 in Poison Magic
  2365 | D:3      | Found a basalt altar of Yredelemnul.
  2602 | D:3      | Found a snail-covered altar of Cheibriados.
  2751 | D:3      | Found Tuaschua's Jewellery Shoppe.
  3029 | D:4      | Noticed an ogre
  3036 | D:4      | Killed an ogre
  3037 | D:4      | Reached XP level 5. HP: 15/38 MP: 4/12
  3153 | D:4      | Found a staircase to the Ecumenical Temple.
  3162 | Temple   | Entered the Ecumenical Temple
  3481 | D:4      | Found an iron altar of Okawaru.
  3561 | D:4      | Reached XP level 6. HP: 40/44 MP: 9/13
  3668 | D:4      | Found a white marble altar of Elyvilon.
  3669 | D:4      | Found an opulent altar of Gozag.
  3669 | D:4      | Found a glowing golden altar of the Shining One.
  3677 | D:4      | Found a shimmering blue altar of Sif Muna.
  3680 | D:4      | Found a bloodstained altar of Trog.
  3724 | D:4      | Found a glowing silver altar of Zin.
  3773 | D:4      | Found a hazy altar of Hepliaklqana.
  3778 | D:4      | Became a worshipper of Hepliaklqana the Forgotten
  4016 | D:4      | Reached skill level 5 in Dodging
  4195 | D:5      | Entered Level 5 of the Dungeon
  4229 | D:5      | Noticed an ice beast
  4234 | D:5      | Killed an ice beast
  4439 | D:5      | Reached XP level 7. HP: 47/50 MP: 12/15
  4514 | D:5      | Identified the +3 leather armour of Fallacy {+Blink Will+
                  | Int+2}
  4828 | D:5      | Reached * piety under Hepliaklqana
  4861 | D:5      | Found a sparkling altar of Nemelex Xobeh.
  5075 | D:6      | Noticed Maggie
  5080 | D:6      | Killed Maggie
  5081 | D:6      | Reached skill level 5 in Stealth
  5081 | D:6      | Reached XP level 8. HP: 51/52 MP: 5/16
  5092 | D:6      | Reached skill level 6 in Spellcasting
  5911 | D:6      | Found a stormy altar of Qazlal.
  5914 | D:6      | Found a shimmering altar of Xom.
  5914 | D:6      | Found an ancient bone altar of Kikubaaqudgha.
  5916 | D:6      | Found an ornate altar of the Wu Jian Council.
  5916 | D:6      | Found a radiant altar of Vehumet.
  5916 | D:6      | Found a shimmering altar of Xom.
  6031 | D:6      | Found a broken altar of Ashenzari.
  6036 | D:6      | Found a shadowy altar of Dithmenos.
  6078 | D:6      | Reached XP level 9. HP: 58/58 MP: 16/18
  6508 | D:7      | Reached ** piety under Hepliaklqana
  6509 | D:7      | Remembered your ancestor Ahmose as a battlemage
  6684 | D:7      | Found a runed translucent door.
  6684 | D:7      | Found a shimmering altar of Xom.
  6684 | D:7      | Noticed a +0 trident of chaos
  6684 | D:7      | Noticed Strat's ghost (novice FoIE)
  6922 | D:7      | Reached skill level 5 in Invocations
  7208 | D:7      | Reached skill level 7 in Spellcasting
  7506 | D:7      | Reached skill level 5 in Fighting
  7506 | D:7      | Reached skill level 5 in Short Blades
  7506 | D:7      | Reached skill level 5 in Long Blades
  7506 | D:7      | Reached skill level 5 in Axes
  7506 | D:7      | Reached skill level 5 in Maces & Flails
  7506 | D:7      | Reached skill level 5 in Polearms
  7506 | D:7      | Reached skill level 5 in Staves
  7506 | D:7      | Reached skill level 5 in Ranged Weapons
  7506 | D:7      | Reached skill level 5 in Throwing
  7506 | D:7      | Reached skill level 5 in Armour
  7506 | D:7      | Reached skill level 5 in Shields
  7506 | D:7      | Reached skill level 5 in Unarmed Combat
  7506 | D:7      | Reached skill level 5 in Evocations
  7506 | D:7      | Reached XP level 10. HP: 66/66 MP: 18/20
  8008 | D:7      | Learned a level 3 spell: Inner Flame
  8381 | D:8      | Identified the +0 dagger of the Vaults {protect, Int+4}
  8580 | D:8      | Found a sacrificial altar of Ru.
  8663 | D:8      | Reached skill level 5 in Conjurations
  8965 | D:8      | Identified the +0 robe of the Stone Wall {Rampage rElec
                  | Int-2}
  9072 | D:9      | Noticed a two-headed ogre
  9077 | D:9      | Killed a two-headed ogre
  9191 | D:9      | Reached *** piety under Hepliaklqana
  9307 | D:9      | Found a radiant altar of Vehumet.
  9351 | D:9      | Learned a level 4 spell: Flame Wave
  9383 | D:9      | Found a transporter.
  9384 | D:9      | Noticed GigaChad's ghost (novice MiFi)
  9384 | D:9      | Noticed a two-headed ogre
  9389 | D:9      | Noticed a two-headed ogre
  9394 | D:9      | Identified the +7 giant spiked club of Prudence {heavy,
                  | rC+}
  9394 | D:9      | Noticed a two-headed ogre
  9447 | D:9      | Found a transporter.
  9530 | D:9      | Found a staircase to the Lair.
 10048 | D:10     | Entered Level 10 of the Dungeon
 10437 | D:10     | Identified the +6 war axe of Joyful Slaughter {flame, rPois
                  | Str+4}
 10567 | D:10     | Noticed a cyclops
 10570 | D:10     | Killed a cyclops
 10571 | D:10     | Reached skill level 5 in Hexes
 10571 | D:10     | Reached skill level 5 in Summonings
 10571 | D:10     | Reached skill level 5 in Necromancy
 10571 | D:10     | Reached skill level 5 in Translocations
 10571 | D:10     | Reached skill level 5 in Transmutations
 10571 | D:10     | Reached skill level 5 in Ice Magic
 10571 | D:10     | Reached skill level 5 in Air Magic
 10571 | D:10     | Reached skill level 5 in Earth Magic
 10571 | D:10     | Reached skill level 5 in Poison Magic
 10587 | D:10     | Reached **** piety under Hepliaklqana
 10657 | D:10     | Reached XP level 11. HP: 70/72 MP: 20/22
 10659 | D:10     | Identified the +0 scale mail of Okawaru's Inspiration {Fly
                  | rElec}
 10984 | D:10     | Reached skill level 8 in Spellcasting
 11018 | D:10     | Found a staircase to the Orcish Mines.
 12632 | D:12     | Noticed a cyclops
 12638 | D:12     | Killed a cyclops
 12743 | D:12     | Reached ***** piety under Hepliaklqana
 12889 | D:12     | Noticed a deep elf pyromancer
 12898 | D:12     | Killed a deep elf pyromancer
 13083 | D:12     | Noticed a deep elf pyromancer
 13088 | D:12     | Killed a deep elf pyromancer
 13107 | D:12     | Noticed Lodul
 13115 | D:12     | Killed Lodul
 13117 | D:12     | Reached XP level 12. HP: 52/81 MP: 10/24
 13359 | D:13     | Noticed a centaur warrior
 13364 | D:13     | Noticed a boulder beetle
 13367 | D:13     | Killed a centaur warrior
 13393 | D:13     | Reached skill level 9 in Spellcasting
 13425 | D:13     | Slain by a boulder beetle

Illustrated notes

Levels and vault maps discovered:
D:1:      dpeg_arrival_leaves_temple_mockup, layout_basic, serial_rivers,
          chequers_serial_rivers_micro_a, chequers_serial_rivers_micro_c,
          chequers_serial_rivers_micro_b, chequers_serial_rivers_marsh,
          chequers_serial_rivers_room_b, kennysheep_flooded_box,
          serial_bayou_pond_d, corexii_item_surrounded_by_moat
D:2:      layout_rooms, st_stairs_3
D:3:      layout_rooms, mainiacjoe_overflow_catwalk,
          yredelemnul_forgotten_temple_becter, serial_shops, shop
D:4:      layout_layer_cave, mainiacjoe_overflow_six_doors_small, zin_statuary,
          nicolae_overflow_crystal_walls, minmay_overflow_temple_star_hex,
          minmay_temple_entry_statues_pillars
D:5:      layout_cave_pools, nemelex_diamond_rough_becter
D:6:      layout_gridville, lemuel_doored_altar, doesnt_xom_only_xom,
          lemuel_crystal_altar, kennysheep_boxes, uniq_maggie
D:7:      kennysheep_seaside_town, layout_loops_cross, ebering_ghost_xom
D:8:      layout_loops_ring, mainiacjoe_overflow_alcove_1, glass_columns_a,
          sigmund_army
D:9:      layout_gridville, nicolae_vehumet_altar_sigil, lair_entry_dummy,
          gammafunk_ghost_smash
D:10:     layout_basic, hiddenorc2_lemuel
D:11:     layout_irregular_city, st_stairs_12
D:12:     layout_irregular_city, uniq_lodul
D:13:     kennysheep_kobold_grotto, layout_basic
Temple:   nicolae_temple_bog_church

Skill      XL: |  1  2  3  4  5  6  7  8  9 10 11 12 |
---------------+-------------------------------------+-----
Conjurations   | 2 3 4 5 6 |  6.5
Spellcasting   | 5 6 7 8 9 |  9.0
Invocations    | 1 2 3 4 5 6 7 8 |  8.1
Fighting       | 1 2 3 5 6 7 |  7.3
Short Blades   | 1 2 3 5 6 7 |  7.3
Long Blades    | 1 2 3 5 6 7 |  7.3
Axes           | 1 2 3 5 6 7 |  7.3
Maces & Flails | 1 2 3 5 6 7 |  7.3
Polearms       | 1 2 3 5 6 7 |  7.3
Staves         | 1 2 3 5 6 7 |  7.3
Ranged Weapons | 1 2 3 5 6 7 |  7.3
Throwing       | 1 2 3 5 6 7 |  7.3
Armour         | 1 2 3 5 6 7 |  7.3
Shields        | 1 2 3 5 6 7 |  7.3
Unarmed Combat | 1 2 3 5 6 7 |  7.3
Evocations     | 1 2 3 5 6 7 |  7.3
Hexes          | 1 2 3 4 5 6 |  6.1
Summonings     | 1 2 3 4 5 6 |  6.1
Necromancy     | 1 2 3 4 5 6 |  6.1
Translocations | 1 2 3 4 5 6 |  6.1
Transmutations | 1 2 3 4 5 6 |  6.1
Ice Magic      | 1 2 3 4 5 6 |  6.1
Air Magic      | 1 2 3 4 5 6 |  6.1
Earth Magic    | 1 2 3 4 5 6 |  6.1
Poison Magic   | 1 2 3 4 5 6 |  6.1
Dodging        | 5 6 7 8 |  8.7
Stealth        | 5 6 7 8 |  8.5
Fire Magic     | 6 7 8 |  8.3

Action                     |  1- 3 |  4- 6 |  7- 9 | 10-12 || total
---------------------------+-------+-------+-------+-------++-------
  Melee: Trident           |       |     2 |       |       ||     2
         Short sword       |       |       |    17 |       ||    17
         Dagger            |       |       |    11 |    67 ||    78
         Bite              |       |       |     4 |     8 ||    12
         Punch             |       |       |     1 |     2 ||     3
   Cast: Foxfire           |    69 |    86 |   102 |   131 ||   388
         Scorch            |    12 |    11 |    76 |   130 ||   229
         Inner Flame       |       |       |       |     1 ||     1
         Flame Wave        |       |       |       |    11 ||    11
 Invoke: Ancestor Life: Ba |       |       |     1 |       ||     1
    Use: Scroll            |       |       |    10 |     7 ||    17
         Potion            |       |       |       |     4 ||     4
   Stab: Sleeping          |       |     1 |     3 |     5 ||     9
 Armour: Robe              |       |     1 |       |       ||     1
         Leather armour    |       |       |     8 |    27 ||    35
  Dodge: Dodged            |       |     4 |    34 |    68 ||   106
